Map: Lost and Found LE

Players

Scarlett - Winner!

  • Race: Zerg Zerg
  • Spawn Location: 1:00

Kelazhur

  • Race: Terran Terran
  • League: Master
  • Spawn Location: 7:00

Event: WCS Austin 2018

VOD

Have the link to the VOD?

Description

Time

  • Played on: June 1, 2018, 10:13 p.m.
  • Length: 5:49

All games in this series

Show
View Real Time Build Order
Export as new Build Order

Scarlett Zerg - Winner!

Build Orders: Hatch First, Roach Nydus 

Get SALT Encoding   

  12  0:00  Drone  
  13  0:12  Overlord  
  13  0:16  Drone  
  14  0:31  Drone x2  
  16  0:48  Hatchery  
  15  0:50  Drone  
  15  0:54  Drone  
  17  0:57  Drone  
  18  1:08  Extractor  
  17  1:12  Spawning Pool  
  17  1:16  Drone  
  17  1:19  Drone  
  18  1:28  Drone  
  19  1:38  Drone  
  20  1:49  Overlord  
  20  1:58  Queen  
  20  1:59  Queen  
  25  2:01  Zergling x4  
  25  2:08  Metabolic Boost  
  26  2:11  Drone x2  
  28  2:22  Drone x2  
  30  2:34  Drone  
  30  2:35  Drone, Queen  
  34  2:43  Drone  
  34  2:44  Overlord  
  35  2:54  Drone  
  36  3:00  Overlord  
  36  3:02  Lair  
  36  3:06  Drone x2  
  36  3:07  Drone x3  
  36  3:09  Overlord, Extractor  
  36  3:12  Zergling x2  
  41  3:26  Drone  
  41  3:27  Drone x2  
  44  3:30  Queen  
  44  3:31  Roach Warren  
  43  3:47  Hatchery, Zergling x2  
  43  3:48  Zergling x4  
  45  3:51  Zergling x4  
  47  3:56  Drone x2  
  47  4:01  Nydus Network  
  48  4:05  Zergling x4  
  50  4:10  Queen  
  50  4:15  Overlord  
  52  4:19  Roach  
  52  4:22  Roach  
  56  4:25  Roach  
  56  4:29  Overlord, Roach  
  60  4:38  Nydus Canal  
  60  4:42  Overlord  
  60  4:47  Queen  
  64  4:53  Roach x3  
  68  5:04  Roach x4  
  76  5:10  Overlord  
  76  5:16  Roach x3  
  76  5:20  Overlord  
  82  5:25  Overlord  
Show
View Real Time Build Order
Export as new Build Order

Kelazhur Terran 

Build Orders: Gas First Reaper Expand, Hellion Opening, Reaper Expand 

Get SALT Encoding   

  12  0:00  SCV  
  13  0:12  SCV  
  14  0:16  Supply Depot  
  14  0:25  SCV  
  15  0:29  Refinery  
  15  0:38  SCV  
  16  0:44  Barracks  
  16  0:50  SCV  
  17  1:02  SCV  
  18  1:14  SCV  
  19  1:30  Orbital Command, Reaper  
  20  1:41  Command Center  
  20  1:52  Factory  
  20  1:56  SCV  
  21  2:06  Barracks Reactor  
  21  2:08  SCV  
  21  2:12  Supply Depot  
  22  2:18  Refinery  
  22  2:20  SCV  
  23  2:33  SCV  
  24  2:44  Starport  
  24  2:45  SCV  
  24  2:48  Hellion x2  
  29  2:54  Orbital Command  
  29  2:57  SCV  
  29  2:58  Marine  
  31  3:09  SCV  
  32  3:14  Hellion x2  
  36  3:21  SCV  
  36  3:25  SCV  
  38  3:27  Barracks Tech Lab  
  37  3:35  SCV  
  37  3:39  Hellion x2  
  32  3:41  Viking  
  42  3:42  SCV  
  45  3:51  Supply Depot  
  46  3:59  SCV  
  46  4:02  Command Center  
  46  4:13  Hellion x2, SCV x2  
  52  4:21  Supply Depot  
  52  4:26  Supply Depot, SCV x2  
  54  4:34  Refinery  
  54  4:36  Refinery  
  54  4:42  Raven  
  54  4:43  SCV x2  
  60  4:49  Armory, Cyclone  
  60  4:51  Cyclone  
  64  4:56  SCV  
  64  4:59  SCV  
  64  5:08  SCV  
  64  5:11  SCV  
  65  5:16  Orbital Command  
  65  5:20  SCV  
  65  5:23  SCV  
  64  5:30  Supply Depot  
  64  5:32  SCV  
  57  5:36  SCV  
Tags
 
Add a new tag
Caveats
  • Supply blocks, unpowered buildings, or Contaminate may cause inaccurate times.
  • Supply counts are checked every 10 seconds.